 Dungeon Crawl Stone Soup version 0.26-a0-800-g517d6fe721 (webtiles) character file.

Game seed: 1698193090636623555

849 robertstho the Chiller (level 7, -1/38 HPs)
             Began as a Deep Elf Ice Elementalist on Nov 11, 2020.
             Slain by a phantom (7 damage)
             ... on level 5 of the Dungeon.
             The game lasted 00:08:53 (4615 turns).

robertstho the Chiller (Deep Elf Ice Elementalist)  Turns: 4615, Time: 00:08:53

Health: -1/38      AC:  3    Str:  3 (5)  XL:     7   Next: 69%
Magic:  19/19      EV: 13    Int: 21 (22) God:
Gold:   181        SH:  0    Dex: 12 (15) Spells: 5/20 levels left

rFire    x . .     SeeInvis .   k - +1 dagger (drain)
rCold    + . .     Faith    .   (no shield)
rNeg     . . .     Spirit   .   a - +0 robe
rPois    .         Reflect  +   m - +0 helmet
rElec    .         Harm     .   (no cloak)
rCorr    +         Rampage  .   (no gloves)
MR       .....                  (no boots)
Stlth    +.........             r - amulet of reflection
HPRegen  0.12/turn              g - ring of resist corrosion
MPRegen  0.16/turn              p - ring of ice

@: confused, frozen ramparts
A: no striking features
a: no special abilities


You were on level 5 of the Dungeon.
You visited 1 branch of the dungeon, and saw 6 of its levels.

You collected 181 gold pieces.

Inventory:

Hand Weapons
 b - a +0 dagger
 k - a +1 dagger of draining (weapon)
Missiles
 n - 36 poisoned darts (quivered)
Armour
 a - a +0 robe (worn)
 m - a +0 helmet (worn)
Jewellery
 g - a ring of resist corrosion (left hand)
 p - a ring of ice (right hand)
 r - an amulet of reflection (around neck)
Wands
 j - a wand of flame (36)
Scrolls
 e - 2 scrolls of remove curse
 f - a scroll of teleportation
 l - a scroll of immolation
 q - a scroll of fog
 v - 2 scrolls of enchant weapon {unknown}
Potions
 c - a potion of brilliance
 d - a potion of lignification
 h - a potion of degeneration
 o - a potion of cancellation {unknown}
 s - a potion of invisibility {unknown}
 t - a potion of curing {unknown}
 u - a potion of berserk rage


   Skills:
 + Level 1.3 Fighting
 + Level 2.3 Short Blades
 + Level 3.2 Dodging
 + Level 3.8 Stealth
 * Level 7.1 Spellcasting
 + Level 0.6 Summonings
 * Level 7.4 Ice Magic


You had 5 spell levels left.
You knew the following spells:

 Your Spells              Type           Power        Failure   Level
a - Freeze                Ice            ####         1%          1
b - Frozen Ramparts       Ice            ######       1%          3
c - Ozocubu's Armour      Ice            ######..     1%          3
d - Hailstorm             Conj/Ice       ####....     19%         4
e - Summon Ice Beast      Ice/Summ       #####...     16%         4

Your spell library contained the following spells:

 Spells                   Type           Power        Failure   Level


Dungeon Overview and Level Annotations

Branches:
Dungeon (6/15)
 Temple: D:4-7

Altars:
Makhleb

Shops:
D:4 :

Annotations:
D:5 1 runed translucent door, Giavanni's ghost, weakling GrDe


Message History

The phantom is lightly damaged.
The phantom completely resists.
The wall freezes the phantom but do no damage.
The phantom hits you.
* * * LOW HITPOINT WARNING * * *
It was a potion of degeneration.
There was something very wrong with that liquid.
You feel weakened.
You feel dopey.
You feel clumsy.
The shadow imp completely resists.
The wall freezes the shadow imp but do no damage.
The shadow imp hits you.
* * * LOW HITPOINT WARNING * * *
The phantom resists.
The wall freezes the phantom.
You block the phantom's attack.
It was a potion of ambrosia.
You are confused.
You feel invigorated.
The shadow imp resists.
The wall freezes the shadow imp.
The shadow imp barely misses you.
The phantom resists.
The wall freezes the phantom.
The phantom hits you!
You die...

..####.#..#.......##.#.#(#
#.# ###
#)##.#.......#..#.#.# #.#
#........#......#.#.# #.#
#....#..............#####.#
#....####.#..######.......#
#†...# #.#.....!.#########
#....# #...#####.# #....#
##.W# #....# #.@#
###########5# #.....#
#....>+ #.$?.)# #.....#
#######


You could see a phantom and a shadow imp.

Vanquished Creatures
  Grinder (D:5)
  An ogre (D:4)
  4 killer bees (D:5)
  A centaur zombie (D:5)
  2 hounds (D:4)
  A jelly (D:5)
  A bullfrog skeleton (D:5)
  An orc priest (D:5)
  3 worker ants (D:5)
  Natasha (thrice) (D:4)
  A howler monkey zombie (D:5)
  2 worker ant zombies (D:5)
  3 adders
  A shadow imp (D:5)
  A white imp (D:5)
  An ufetubus (D:5)
  2 oozes
  4 dart slugs (D:1)
  A leopard gecko (D:5)
  11 orcs
  7 bats
  5 giant cockroaches
  3 goblins (D:1)
  6 hobgoblins
  11 jackals
  7 kobolds
  A ball python (D:1)
  3 frilled lizards
  4 rats (D:1)
92 creatures vanquished.

Vanquished Creatures (collateral kills)
  A nameless horror (D:5)
1 creature vanquished.

Grand Total: 93 creatures vanquished

Notes
Turn   | Place    | Note
-------+----------+-------------------------------------------
     0 | D:1      | robertstho the Deep Elf Ice Elementalist began the quest
                  | for the Orb.
     0 | D:1      | Reached XP level 1. HP: 10/10 MP: 6/6
   408 | D:1      | Reached XP level 2. HP: 15/15 MP: 6/8
   479 | D:1      | Reached skill level 5 in Ice Magic
   770 | D:1      | Reached XP level 3. HP: 18/19 MP: 5/9
  2138 | D:2      | HP: 1/28 [poisoned by an adder]
  2372 | D:3      | You fall into a shaft and drop 3 floors!
  2377 | D:5      | Entered Level 5 of the Dungeon
  2380 | D:5      | Reached XP level 4. HP: 23/24 MP: 8/12
  2419 | D:5      | Noticed Grinder
  2475 | D:4      | Reached XP level 5. HP: 8/28 MP: 10/13
  2480 | D:4      | Learned a level 3 spell: Frozen Ramparts
  2484 | D:4      | Learned a level 3 spell: Ozocubu's Armour
  2494 | D:4      | Learned a level 4 spell: Hailstorm
  2787 | D:4      | Found a burning altar of Makhleb.
  2795 | D:4      | Reached skill level 1 in Short Blades
  2927 | D:4      | Found Coth's Book Shop.
  2939 | D:4      | Noticed Natasha
  2943 | D:4      | Reached skill level 5 in Spellcasting
  2945 | D:4      | Killed Natasha
  3130 | D:4      | Noticed Natasha
  3143 | D:4      | Killed Natasha
  3196 | D:4      | Noticed Natasha
  3283 | D:4      | Noticed an ogre
  3290 | D:4      | Killed an ogre
  3290 | D:4      | Reached XP level 6. HP: 31/33 MP: 12/16
  3322 | D:4      | Killed Natasha
  3681 | D:5      | Reached XP level 7. HP: 37/37 MP: 14/18
  3869 | D:5      | Found a runed translucent door.
  3869 | D:5      | Noticed Giavanni's ghost (weakling GrDe)
  4001 | D:5      | Learned a level 4 spell: Summon Ice Beast
  4049 | D:5      | Noticed a nameless horror
  4054 | D:5      | Killed a nameless horror
  4121 | D:5      | Paralysed by Grinder for 4 turns
  4151 | D:5      | Killed Grinder
  4151 | D:5      | Reached skill level 1 in Fighting
  4615 | D:5      | Slain by a phantom

Illustrated notes

Levels and vault maps discovered:
D:1:      evilmike_arrival_fibonacci_small, layout_basic
D:2:      layout_basic, kennysheep_generic_room_16
D:3:      layout_basic, chequers_serial_rivers_room_a
D:4:      layout_cave_pools, serial_shops, nicolae_shop_stone,
          makhleb_blood_cavern_becter, uniq_natasha
D:5:      layout_basic, hellmonk_ghost_happy_afterlife, uniq_grinder
D:6:      layout_gridville, gup_sewer_entry_glass

Skill      XL: |  1  2  3  4  5  6  7 |
---------------+----------------------+-----
Ice Magic      | 5 6 7 |  7.4
Spellcasting   | 4 5 6 7 |  7.1
Stealth        | 3 |  3.8
Short Blades   | 1 2 |  2.3
Dodging        | 3 |  3.2
Fighting       | 1 |  1.3
Summonings     | |  0.6

Action                   |  1- 3 |  4- 6 |  7- 9 || total
-------------------------+-------+-------+-------++-------
Melee: Dagger            |    57 |    41 |    38 ||   136
       Unarmed           |     8 |       |       ||     8
 Cast: Freeze            |    41 |     4 |       ||    45
       Frozen Ramparts   |       |    10 |    11 ||    21
       Summon Ice Beast  |       |       |     4 ||     4
  Use: Potion            |     4 |     1 |     2 ||     7
       Scroll            |       |     5 |       ||     5
 Stab: Sleeping          |    10 |       |     1 ||    11
       Distracted        |       |     1 |       ||     1
Armor: Robe              |    21 |     8 |     5 ||    34
       Skin              |     2 |       |       ||     2
Dodge: Dodged            |    70 |    35 |    26 ||   131
Block: Other             |       |     4 |    10 ||    14

Table legend: (Time is in decaauts)
 A = Elapsed time spent in this place.
 B = Non-inter-level travel time spent in this place.
 C = Inter-level travel time spent in this place.
 D = Time resting spent in this place.
 E = Time spent auto-exploring this place.
 F = Levels seen in this place.
 G = Mean time per level.
                   A        B        C        D        E       F      G
               +--------+--------+--------+--------+--------+-----+--------+
         Total |   4616 |   4574 |     42 |    281 |   3482 |   6 |  769.3 |
       Dungeon |   4616 |   4574 |     42 |    281 |   3482 |   6 |  769.3 |
               +--------+--------+--------+--------+--------+-----+--------+

Top non-repeatable levels by time:
     D:1: 1548 daAuts
     D:4: 1164 daAuts
     D:5: 1072 daAuts
     D:2: 802 daAuts
     D:3: 23 daAuts
     D:6: 4 daAuts
